 Dungeon Crawl Stone Soup version 0.31.0-32-g396128a36d (webtiles) character file.

Game seed: 18169276916723321658

7966 Peloso the Carver (level 11, -3/99 HPs)
             Began as a Minotaur Fighter on Mar 16, 2024.
             Was a High Priest of Okawaru.
             Slain by a komodo dragon (24 damage)
             ... on level 1 of the Lair of Beasts.
             The game lasted 00:20:25 (9130 turns).

Peloso the Carver (Minotaur Fighter)                Turns: 9130, Time: 00:20:26

Health: -3/99      AC: 18    Str: 21    XL:     11   Next: 3%
Magic:  10/10      EV:  8    Int:  5    God:    Okawaru [*****.]
Gold:   567        SH:  7    Dex: 18    Spells: 10/10 levels left

rFire   . . .        a - +3 long sword
rCold   + . .        d - +0 buckler
rNeg    . . .        x - +1 plate armour {rC+}
rPois   .            (helmet restricted)
rElec   +            u - +0 cloak
rCorr   +            (no gloves)
SInv    .            (no boots)
Will    .....        (no amulet) Stlth
                     h - +6 ring of dexterity
HPRegen 1.16/turn    w - ring of resist corrosion
MPRegen 0.12/turn

%: no passive effects
@: invisible
A: horns 2, retaliatory headbutt, iridescent scales 1, regeneration 1,
electricity resistance, weak 1
a: Renounce Religion, Heroism, Finesse, Duel


You were on level 1 of the Lair of Beasts.
You worshipped Okawaru.
Okawaru was extremely pleased with you.
You visited 3 branches of the dungeon, and saw 13 of its levels.
You also visited: Ossuary.

You collected 567 gold pieces.

Inventory:

Hand Weapons
 a - a +3 long sword (weapon)
 b - a +0 scimitar
Armour
 c - a +1 chain mail
 d - a +0 buckler (worn)
 u - a +0 cloak (worn)
 x - a +1 plate armour of cold resistance (worn)
Jewellery
 h - a +6 ring of dexterity (left hand)
 n - a ring of protection from cold
 w - a ring of resist corrosion (right hand)
 z - a ring of ice
Wands
 o - a wand of polymorph (12)
 q - a wand of roots (18)
 B - a wand of mindburst (9)
 F - a wand of quicksilver (4)
Scrolls
 f - 3 scrolls of immolation
 j - 5 scrolls of enchant armour
 k - 4 scrolls of teleportation
 v - a scroll of poison
 y - a scroll of amnesia
 A - a scroll of enchant weapon
 E - 2 scrolls of identify
Potions
 e - 2 potions of invisibility
 g - 6 potions of curing
 i - 2 potions of ambrosia
 l - a potion of magic {unknown}
 m - a potion of heal wounds {unknown}
 p - a potion of degeneration {unknown}
 r - 4 potions of might
 s - 4 potions of resistance
 C - a potion of enlightenment {unknown}
 D - a potion of cancellation {unknown}


   Skills:
 + Level 9.7 Fighting
 + Level 13.2 Long Blades
 + Level 9.7 Armour
 + Level 3.5 Dodging
 + Level 1.1 Stealth
 + Level 8.7 Shields
 + Level 0.2 Invocations
 + Level 0.6 Evocations


You had 10 spell levels left.
You didn't know any spells.
Your spell library contained the following spells:

 Spells                   Type           Power      Damage    Failure   Level
 Kiss of Death            Conj/Necr      0%         2d5       100%        1
 Sting                    Conj/Alch      0%         1d3       100%        1
 Ensorcelled Hibernation  Hex/Ice        0%         N/A       100%        2
 Mercury Vapours          Alch/Air       0%         N/A       100%        2
 Confusing Touch          Hex            0%         N/A       100%        3
 Fugue of the Fallen      Necr           0%         N/A       100%        3
 Gell's Gravitas          Tloc           0%         N/A       100%        3
 Ozocubu's Armour         Ice            0%         N/A       100%        3
 Teleport Other           Tloc           0%         N/A       100%        3
 Anguish                  Hex/Necr       0%         N/A       100%        4
 Dispel Undead            Necr           0%         3d6       100%        4
 Olgreb's Toxic Radiance  Alch           0%         N/A       100%        4
 Vhi's Electric Charge    Tloc/Air       0%         N/A       100%        4
 Arcjolt                  Conj/Air       0%         1d10      100%        5
 Metabolic Englaciation   Hex/Ice        0%         N/A       100%        5
 Dispersal                Tloc           0%         N/A       100%        6
 Maxwell's Capacitive Co  Air            0%         ∞         100%        8
 Sculpt Simulacrum        Ice/Alch       Unusable   N/A       N/A         6

Dungeon Overview and Level Annotations

Branches:
Dungeon (11/15)            Temple (1/1) D:4            Lair (1/5) D:8
Ossuary (visited)
    Orc: D:9-12

Altars:
Ashenzari
Cheibriados
Dithmenos
Elyvilon
Fedhas
Gozag
Hepliaklqana
Kikubaaqudgha
Makhleb
Nemelex Xobeh
Okawaru
Qazlal
Ru
Sif Muna
Trog
Uskayaw
Vehumet
Wu Jian
Xom
Yredelemnul
Zin
The Shining One

Shops:
D:5 =   D:6 :   D:11 *

Annotations:
D:11 Lodul
Temple 2 transporters


Innate Abilities, Weirdness & Mutations

You have a pair of horns on your head.
You reflexively headbutt those who attack you in melee.
You are partially covered in iridescent scales. (AC +2)
Your natural rate of healing is unusually fast.
You are resistant to electric shocks. (rElec)
You are weak. (Str -2)


Message History

You slash the komodo dragon!
The komodo dragon is moderately wounded.
You barely miss the komodo dragon. Your headbutt misses the komodo dragon.
The komodo dragon is moderately wounded.
The komodo dragon bites you!
You slash the komodo dragon! Your headbutt misses the komodo dragon.
The komodo dragon is heavily wounded.
The komodo dragon bites you!
You barely miss the komodo dragon.
The komodo dragon is heavily wounded.
The komodo dragon bites you!
You barely miss the komodo dragon.
The komodo dragon is heavily wounded.
You slash the komodo dragon!
The komodo dragon is severely wounded.
You block the komodo dragon's attack.
You slash the komodo dragon!
You headbutt the komodo dragon, but do no damage.
The komodo dragon is almost dead.
The komodo dragon bites you!
The komodo dragon bites you but does no damage.
You barely miss the komodo dragon. Your headbutt misses the komodo dragon.
The komodo dragon is almost dead.
The komodo dragon bites you! x2
You closely miss the komodo dragon.
The komodo dragon is almost dead.
Unknown command.
You hit the komodo dragon.
You kill the komodo dragon!
Okawaru accepts your kill. The komodo dragon bites you!!
* * * LOW HITPOINT WARNING * * *
Unknown command.
Okay, then.
Okay, then.
You fade into invisibility!
The komodo dragon bites you.
* * * LOW HITPOINT WARNING * * *
You feel better. The komodo dragon bites you!!
You die...

...............##
.................####
....................###
....................#.##
........................
........................
.....................(..
#.....l...##............
##...†@...#.........)..
#........###..........
#.......## ######.....
#.......... #.....
............. ##....
..............# #....
............... ##...
............... #....
####.


You could see a komodo dragon (unable to see you).

Vanquished Creatures
  A two-headed ogre (D:10)
  Pikel (D:7)
  A manticore (D:10)
  A cane toad (Lair:1)
  A komodo dragon (Lair:1)
  2 trolls
  A hornet (D:7)
  3 blink frogs (Lair:1)
  Sigmund (D:6)
  A steam dragon (D:8)
  Menkaure (D:6)
  Duvessa (D:6)
  3 water moccasins
  2 orc warriors
  2 black bears
  A wolf (D:6)
  4 centaurs
  A phantom (D:6)
  A weeping skull (Ossuary)
  2 kobold brigands
  2 elf zombies (Ossuary)
  A bullfrog (Lair:1)
  2 gnoll sergeants (D:6)
  A scorpion (D:5)
  9 wights
  Dowan (D:6)
  16 killer bees
  An electric eel (D:9)
  2 howler monkeys
  2 bombardier beetles
  2 human zombies (Ossuary)
  3 centaur zombies (Ossuary)
  7 hounds
  A spectral scorpion (Ossuary)
  4 orc priests
  A jelly (D:5)
  Crazy Yiuf (D:7)
  Jessica (D:2)
  An iguana (D:6)
  4 orc wizards
  2 gnoll boudas (D:6)
  A sleepcap (D:7)
  A crocodile zombie (Ossuary)
  2 hound zombies (Ossuary)
  3 mummies (Ossuary)
  14 gnolls
  5 adders
  2 shadow imps
  2 ufetubi (D:6)
  7 adder zombies (Ossuary)
  2 dart slugs
  28 orcs
  5 endoplasms
  2 giant cockroaches
  7 goblins
  3 hobgoblins
  A jackal (D:6)
  3 quokkas
  5 ball pythons
  3 ball python zombies (Ossuary)
  5 bats
  5 frilled lizards
  6 jackal zombies (Ossuary)
  13 kobolds
  2 kobold zombies (Ossuary)
  2 orc zombies (Ossuary)
  4 rats
228 creatures vanquished.

Notes
Turn   | Place    | Note
-------+----------+-------------------------------------------
     0 | D:1      | Peloso the Minotaur Fighter began the quest for the Orb.
     0 | D:1      | Reached XP level 1. HP: 19/19 MP: 0/0
   248 | D:1      | Reached XP level 2. HP: 27/27 MP: 1/1
   291 | D:1      | Gained mutation: You are partially covered in iridescent
                  | scales. (AC +2) [potion of mutation]
   291 | D:1      | Gained mutation: You are resistant to electric shocks.
                  | (rElec) [potion of mutation]
   291 | D:1      | Gained mutation: You are weak. (Str -2) [potion of
                  | mutation]
   291 | D:1      | Gained mutation: Your natural rate of healing is unusually
                  | fast. [potion of mutation]
  1251 | D:2      | Found a glowing silver altar of Zin.
  1261 | D:2      | Noticed Jessica
  1281 | D:2      | Killed Jessica
  1282 | D:2      | Reached skill level 3 in Long Blades
  1282 | D:2      | Reached XP level 3. HP: 33/33 MP: 2/2
  1496 | D:2      | Reached XP level 4. HP: 40/40 MP: 3/3
  1788 | D:3      | Found a faded altar of an unknown god.
  2147 | D:3      | Reached skill level 4 in Long Blades
  2417 | D:4      | Reached XP level 5. HP: 46/46 MP: 4/4
  2708 | D:4      | Found a staircase to the Ecumenical Temple.
  2716 | D:4      | Reached skill level 5 in Armour
  2725 | Temple   | Found a transporter.
  2725 | Temple   | Found a transporter.
  2725 | Temple   | Found a transporter.
  2725 | Temple   | Found a transporter.
  2725 | Temple   | Entered the Ecumenical Temple
  2745 | Temple   | Became a worshipper of Warmaster Okawaru
  2857 | D:4      | Noticed a black bear
  2870 | D:4      | Killed a black bear
  2871 | D:4      | Reached skill level 5 in Long Blades
  2871 | D:4      | Reached XP level 6. HP: 52/53 MP: 5/5
  3303 | D:5      | Entered Level 5 of the Dungeon
  3317 | D:5      | You fall into a shaft and drop 3 floors!
  3347 | D:8      | Reached skill level 5 in Shields
  3388 | D:7      | Reached skill level 1 in Dodging
  3436 | D:7      | Noticed an orc warrior
  3448 | D:7      | Killed an orc warrior
  3448 | D:7      | Reached * piety under Okawaru
  3449 | D:7      | Reached skill level 5 in Fighting
  3449 | D:7      | Reached skill level 1 in Stealth
  3449 | D:7      | Reached XP level 7. HP: 45/61 MP: 6/6
  3515 | D:7      | Found a sand-covered staircase.
  3520 | Ossuary  | Entered an ossuary
  3549 | Ossuary  | Reached skill level 6 in Long Blades
  3700 | Ossuary  | Reached skill level 7 in Long Blades
  3799 | Ossuary  | Reached XP level 8. HP: 68/68 MP: 7/7
  3808 | Ossuary  | Reached ** piety under Okawaru
  4231 | D:7      | Reached skill level 8 in Long Blades
  4231 | D:7      | Noticed a hornet
  4242 | D:7      | Killed a hornet
  4469 | D:7      | Found a runed translucent door.
  4470 | D:7      | Noticed Crazy Yiuf
  4475 | D:7      | Killed Crazy Yiuf
  4559 | D:6      | Noticed Duvessa
  4560 | D:6      | Noticed Dowan
  4562 | D:6      | Noticed Menkaure
  4585 | D:5      | Found Bunuz's Jewellery Emporium.
  5398 | D:6      | Killed Duvessa
  5399 | D:6      | Reached skill level 9 in Long Blades
  5406 | D:6      | Killed Dowan
  5432 | D:6      | Killed Menkaure
  5447 | D:6      | Found Tuokheis's Book Boutique.
  5499 | D:6      | Noticed Sigmund
  5541 | D:6      | Reached XP level 9. HP: 69/79 MP: 8/8
  5555 | D:6      | Killed Sigmund
  5555 | D:6      | Reached *** piety under Okawaru
  5764 | D:6      | Reached skill level 10 in Long Blades
  5826 | D:6      | Found a shadowy altar of Dithmenos.
  5828 | D:6      | Found a bloodstained altar of Trog.
  5831 | D:6      | Found a stormy altar of Qazlal.
  5831 | D:6      | Found a basalt altar of Yredelemnul.
  5838 | D:6      | Found a blossoming altar of Fedhas.
  6258 | D:8      | Noticed Pikel
  6273 | D:7      | Killed Pikel
  6308 | D:7      | Reached **** piety under Okawaru
  6316 | D:7      | Reached skill level 11 in Long Blades
  6646 | D:8      | Reached XP level 10. HP: 87/89 MP: 9/9
  7059 | D:8      | Found a staircase to the Lair.
  7474 | D:9      | Reached skill level 12 in Long Blades
  8032 | D:10     | Entered Level 10 of the Dungeon
  8186 | D:10     | Noticed a two-headed ogre
  8194 | D:10     | Killed a two-headed ogre
  8194 | D:10     | Reached ***** piety under Okawaru
  8437 | D:10     | Noticed a manticore
  8444 | D:10     | Killed a manticore
  8577 | D:11     | Found Quecein's General Store.
  8607 | D:11     | Noticed a boulder beetle
  8620 | D:11     | Noticed Lodul
  8793 | Lair:1   | Entered Level 1 of the Lair of Beasts
  8886 | Lair:1   | Reached skill level 13 in Long Blades
  8950 | Lair:1   | Noticed a cane toad
  8958 | Lair:1   | Killed a cane toad
  8958 | Lair:1   | Received a gift from Okawaru
  9050 | Lair:1   | Reached XP level 11. HP: 97/97 MP: 10/10
  9130 | Lair:1   | Slain by a komodo dragon

Illustrated notes

Levels and vault maps discovered:
D:1:      co_arrival_square_in_a_square_in_a_square, layout_loops_ring,
          supply_closet_lemuel
D:2:      layout_rooms, basic_altar, uniq_jessica
D:3:      layout_basic, hellmonk_ecumenical_altar_blasted, skrybe_limestone_x,
          minmay_goblin_kobold_house
D:4:      layout_basic, minmay_temple_entry_glass, kennysheep_generic_room_13
D:5:      layout_gridville, serial_shops, shop_fountains
D:6:      layout_cave_pools, nicolae_overflow_hallway_of_the_gods,
          serial_gnoll_camp, gnoll_camp_mini_house, gnoll_camp_mini_house,
          gnoll_camp_mini_house, gnoll_camp_mini_basic,
          gnoll_camp_mini_loothouse, serial_shops, nicolae_lakefront_shop,
          uniq_menkaure, uniq_sigmund, uniq_duvessa
D:7:      layout_basic, enter_ossuary_2, uniq_crazy_yiuf_cottage
D:8:      layout_loops_cross, lair_entry_dummy, kennysheep_another_room,
          uniq_pikel
D:9:      layout_basic
D:10:     layout_gridville
D:11:     layout_loops_ring, david_orc_4, serial_shops, nicolae_stop_n_shop_1,
          uniq_lodul
Temple:   hellmonk_temple_divided_pantheon
Lair:1:   layout_hall_layers, basic_altar, lemuel_fruit_tree,
          serial_bayou_shore_b

Skill      XL: |  1  2  3  4  5  6  7  8  9 10 |
---------------+-------------------------------+-----
Fighting       | 4 5 7 8 9 |  9.7
Armour         | 4 5 6 7 8 9 |  9.7
Long Blades    | 3 4 5 7 9 11 13 | 13.2
Shields        | 4 5 6 7 8 |  8.7
Dodging        | 1 2 3 |  3.5
Stealth        | 1 |  1.1
Invocations    | |  0.2
Evocations     | |  0.6

Action                     |  1- 3 |  4- 6 |  7- 9 | 10-12 || total
---------------------------+-------+-------+-------+-------++-------
  Melee: Long sword        |    64 |    82 |   395 |   185 ||   726
         Headbutt          |     6 |    11 |    94 |    39 ||   150
 Invoke: Heroism           |       |       |     2 |       ||     2
  Evoke: Wand              |       |       |       |     2 ||     2
    Use: Potion            |     3 |     1 |       |     2 ||     6
         Scroll            |     1 |       |     8 |     5 ||    14
 Armour: Scale mail        |    33 |    72 |       |       ||   105
         Chain mail        |       |       |   298 |    46 ||   344
         Skin              |       |       |    15 |       ||    15
         Plate armour      |       |       |       |    82 ||    82
  Dodge: Dodged            |    33 |    35 |   159 |    76 ||   303
  Block: Buckler           |     8 |    28 |   134 |    58 ||   228
